 Dungeon Crawl Stone Soup version 0.29-a0-559-g359e09b9d1 (webtiles) character file.

Game seed: 10326022046637355534

5048 Hubjo the Changer (level 10, 0/76 HPs)
             Began as a Demonspawn Transmuter on June 9, 2022.
             Was an Elder of Makhleb.
             Slain by a two-headed ogre
             ... wielding a +0 dire flail
              (8 damage)
             ... on level 8 of the Dungeon.
             The game lasted 00:14:27 (10596 turns).

Hubjo the Changer (Demonspawn Transmuter)          Turns: 10596, Time: 00:14:28

Health: 0/76       AC:  6    Str: 11    XL:     10   Next: 30%
Magic:  0/18       EV: 12    Int: 14    God:    Makhleb [****..]
Gold:   996        SH:  0    Dex: 18    Spells: 15/20 levels left

rFire   + . .      SeeInvis .     - Unarmed
rCold   + . .      Faith    .   (no shield)
rNeg    + . .      Spirit   +   E - +2 robe {rC+ rF+}
rPois   +          Reflect  .   (no helmet)
rElec   .          Harm     .   u - +1 cloak
rCorr   .          Rampage  .   (no gloves)
Will    .....                   (no boots)
Stlth   +++.......              w - amulet of guardian spirit
HPRegen 0.22/turn               i - ring of poison resistance
MPRegen 0.16/turn               g - ring of positive energy

@: invisible
A: ignite blood 2, spiny 2, demonic touch 2
a: Renounce Religion, Minor Destruction, Lesser Servant of Makhleb, Major
Destruction


You were on level 8 of the Dungeon.
You worshipped Makhleb.
Makhleb was greatly pleased with you.
You visited 1 branch of the dungeon, and saw 8 of its levels.

You collected 1145 gold pieces.
You spent 149 gold pieces at shops.

Inventory:

Armour
 a - a +0 robe
 k - the +3 ring mail of Day {Int+3}
   (You found it on level 2 of the Dungeon)

   Int:       It affects your intelligence (+3).
 q - a +2 robe of cold resistance
 u - a +1 cloak (worn)
 E - a +2 robe of resistance (worn)
Jewellery
 g - a ring of positive energy (right hand)
 i - a ring of poison resistance (left hand)
 w - an amulet of guardian spirit (around neck)
 A - a ring of protection from fire
Wands
 p - a wand of flame (36)
 r - a wand of acid (8)
Scrolls
 c - a scroll of silence
 j - a scroll of immolation
 l - a scroll of poison
 m - 2 scrolls of teleportation
 s - a scroll of torment
 t - a scroll of fog
 x - 2 scrolls of noise {unknown}
 y - a scroll of brand weapon {unknown}
 B - a scroll of enchant armour {unknown}
 C - 2 scrolls of identify
Potions
 b - 3 potions of lignification
 d - a potion of cancellation {unknown}
 e - 2 potions of flight
 f - a potion of mutation {unknown}
 h - 2 potions of curing
 n - 3 potions of heal wounds {unknown}
 o - a potion of ambrosia {unknown}
 z - a potion of resistance {unknown}
 D - a potion of attraction {unknown}


   Skills:
 + Level 6.0 Fighting
 - Level 1.7 Dodging
 + Level 5.5 Stealth
 + Level 5.9 Unarmed Combat
 + Level 5.6 Spellcasting
 + Level 6.9 Transmutations
 + Level 5.0 Ice Magic
 + Level 4.4 Invocations


You had 15 spell levels left.
You knew the following spells:

 Your Spells              Type           Power      Damage    Failure   Level
a - Beastly Appendage     Tmut           46%        N/A       1%          1
b - Ice Form              Ice/Tmut       20%        N/A       14%         4

Your spell library contained the following spells:

 Spells                   Type           Power      Damage    Failure   Level
 Wereblood                Tmut           23%        N/A       1%          2
 Spider Form              Tmut/Pois      13%        N/A       12%         3
 Call Canine Familiar     Summ           3%         N/A       45%         3
 Gell's Gravitas          Tloc           3%         N/A       45%         3
 Lesser Beckoning         Tloc           3%         N/A       45%         3
 Portal Projectile        Hex/Tloc       6%         N/A       45%         3
 Teleport Other           Tloc           3%         N/A       45%         3
 Leda's Liquefaction      Hex/Erth       1%         N/A       86%         4


Dungeon Overview and Level Annotations

Branches:
Dungeon (8/15)             Temple (0/1) D:4            Lair (0/6) D:8

Altars:
Ashenzari
Elyvilon
Fedhas
Hepliaklqana
Kikubaaqudgha
Makhleb
Wu Jian

Shops:
D:5 [


Innate Abilities, Weirdness & Mutations

Your demonic aura often causes spilled blood to erupt in flames.
You are mostly covered in sharp spines.
Your touch may inflict irresistible damage on your foes.


Message History

The jelly quivers.
You hit the orc warrior. Your kick misses the orc warrior.
You touch the orc warrior!
The orc warrior is almost dead.
The orc warrior is engulfed in blazing flames.
You kill the orc warrior!
Makhleb accepts your kill.
You can now hurl Makhleb's greater destruction.
You punch the jelly! The acid corrodes you!
Your hands burn!
You claw the jelly.
You kill the jelly!
Makhleb accepts your kill.
You feel better.
Your Fighting skill increases to level 6!
Your Ice Magic skill increases to level 5!
Your transformation is almost over.
A two-headed ogre comes into view.
It is wielding a +0 dire flail and a +0 giant spiked club.
The two-headed ogre shouts in stereo!
You hit the two-headed ogre but do no damage.
You headbutt the two-headed ogre! You punch the two-headed ogre.
The two-headed ogre is moderately wounded.
The two-headed ogre is struck by your spines.
The two-headed ogre hits you with a +0 dire flail!!
The two-headed ogre hits you with a +0 giant spiked club!!
You barely miss the two-headed ogre. You claw the two-headed ogre.
The two-headed ogre is moderately wounded.
You barely miss the two-headed ogre. You claw the two-headed ogre.
You headbutt the two-headed ogre, but do no damage.
You touch the two-headed ogre!
The two-headed ogre is heavily wounded.
Your horns disappear.
Your talons disappear.
You are no longer corroded.
The two-headed ogre is engulfed in blazing flames.
The two-headed ogre barely misses you.
The two-headed ogre hits you with a +0 giant spiked club!!
* * * LOW HITPOINT WARNING * * *
A sky beast comes into view.
You fade into invisibility!
The two-headed ogre is engulfed in blazing flames.
The two-headed ogre hits you with a +0 dire flail!
You die...

##.#####..#####.##.###
#.## ##.............
#.# #.####..##.### #.#
### ##.##.# # #.#
#....# # #.## #..### #
##.##### ##..# #
##))☼.# ####...#####
###@## #.=.........
#.OY..#......#####
#.##.##.####.# ### #..
#.. #.# #.. ##. .o.#
#.. #.. ###.. ##.##..
#.o .###<


ho. .# #. .# #. You could see a two-headed ogre (can't see you) and a sky beast
(can't see you).

Vanquished Creatures
  Erica (D:8)
  3 wyverns
  A steam dragon (D:7)
  3 wargs (D:8)
  A water moccasin (D:6)
  2 sky beasts
  An orc warrior (D:8)
  3 ice beasts
  2 ogres
  3 phantoms
  2 centaurs (D:8)
  A kobold brigand (D:8)
  2 necrophages
  6 bullfrogs
  6 scorpions
  10 wights
  A killer bee (D:8)
  4 howler monkeys
  2 jellies
  3 hounds
  4 orc priests
  3 iguanas
  4 orc wizards
  10 adders
  3 gnolls (D:4)
  4 white imps
  2 ufetubi
  A worm (D:4)
  10 dart slugs
  22 orcs
  3 bats
  6 endoplasms
  5 giant cockroaches
  11 goblins
  6 hobgoblins
  2 jackals (D:1)
  5 kobolds
  7 quokkas
  5 ball pythons
  A frilled lizard (D:1)
  7 rats
178 creatures vanquished.

Vanquished Creatures (others)
  A plant (D:2)
1 creature vanquished.

Grand Total: 179 creatures vanquished

Notes
Turn   | Place    | Note
-------+----------+-------------------------------------------
     0 | D:1      | Hubjo the Demonspawn Transmuter began the quest for the
                  | Orb.
     0 | D:1      | Reached XP level 1. HP: 15/15 MP: 3/3
   506 | D:1      | Gained mutation: Your demonic aura sometimes causes spilled
                  | blood to erupt in flames. [demonic ancestry]
   506 | D:1      | Reached XP level 2. HP: 12/21 MP: 3/5
  1678 | D:2      | Gained mutation: You are partially covered in sharp spines.
                  | [demonic ancestry]
  1678 | D:2      | Reached XP level 3. HP: 27/27 MP: 4/6
  1726 | D:2      | Identified the +3 ring mail of Day {Int+3}
  2473 | D:2      | Reached skill level 1 in Stealth
  2826 | D:3      | Found a faded altar of an unknown god.
  2832 | D:3      | Found an ornate altar of the Wu Jian Council.
  2838 | D:3      | Prayed at the altar of an unknown god.
  2838 | D:3      | Became a worshipper of Makhleb the Destroyer
  2838 | D:3      | Reached * piety under Makhleb
  2929 | D:3      | Found a hazy altar of Hepliaklqana.
  2983 | D:3      | Identified the +0 scale mail of Greed {rElec Will- MP+9
                  | Int+5}
  2993 | D:3      | Gained mutation: You are mostly covered in sharp spines.
                  | [demonic ancestry]
  2993 | D:3      | Reached XP level 4. HP: 33/33 MP: 5/7
  2998 | D:3      | Learned a level 4 spell: Ice Form
  3014 | D:3      | Found a faded altar of an unknown god.
  3161 | D:3      | Found an ancient bone altar of Kikubaaqudgha.
  3538 | D:3      | Noticed a scorpion
  3550 | D:3      | Killed a scorpion
  3551 | D:3      | Gained mutation: Your touch may inflict minor irresistible
                  | damage on your foes. [demonic ancestry]
  3551 | D:3      | Reached XP level 5. HP: 35/39 MP: 7/9
  3732 | D:4      | Found a broken altar of Ashenzari.
  3738 | D:4      | Noticed a phantom
  3749 | D:4      | Killed a phantom
  3750 | D:4      | Reached skill level 1 in Ice Magic
  3794 | D:4      | Gained mutation: Your touch may inflict irresistible damage
                  | on your foes. [demonic ancestry]
  3794 | D:4      | Reached XP level 6. HP: 44/46 MP: 8/10
  4041 | D:4      | Found a staircase to the Ecumenical Temple.
  4674 | D:5      | Entered Level 5 of the Dungeon
  6019 | D:5      | Reached XP level 7. HP: 50/52 MP: 9/11
  6019 | D:5      | Reached ** piety under Makhleb
  6404 | D:5      | Found Wiol Amu's Armour Shop.
  7115 | D:6      | Gained mutation: Your demonic aura often causes spilled
                  | blood to erupt in flames. [demonic ancestry]
  7115 | D:6      | Reached XP level 8. HP: 56/60 MP: 13/13
  7188 | D:6      | Reached skill level 5 in Transmutations
  7868 | D:7      | Reached XP level 9. HP: 37/66 MP: 15/15
  8074 | D:7      | Reached *** piety under Makhleb
  8167 | D:7      | Found a blossoming altar of Fedhas.
  8193 | D:7      | Reached skill level 5 in Unarmed Combat
  8226 | D:7      | Reached skill level 1 in Invocations
  8301 | D:7      | Reached skill level 5 in Fighting
  8825 | D:7      | Identified a scroll of acquirement
  8826 | D:7      | Acquired 754 gold pieces
  9035 | D:5      | Bought a +1 cloak for 149 gold pieces
  9226 | D:8      | Found a staircase to the Lair.
  9246 | D:8      | Reached skill level 5 in Spellcasting
  9259 | D:8      | Reached skill level 5 in Stealth
  9848 | D:8      | Noticed Erica
  9857 | D:8      | Killed Erica
  9858 | D:8      | Reached XP level 10. HP: 37/76 MP: 7/18
 10580 | D:8      | Reached **** piety under Makhleb
 10583 | D:8      | Reached skill level 5 in Ice Magic
 10591 | D:8      | Noticed a two-headed ogre
 10596 | D:8      | Slain by a two-headed ogre

Illustrated notes

Levels and vault maps discovered:
D:1:      minmay_arrival_diagonal_passages, layout_basic
D:2:      layout_loops_ring, serial_forest, infiniplex_forest_clump_curved,
          infiniplex_forest_lined_3, infiniplex_forest_straight_4,
          infiniplex_forest_clump_large, infiniplex_forest_clump_diagonal,
          infiniplex_forest_lined_corner, guppyfry_early_orc_mine
D:3:      layout_loops_ring, nicolae_overflow_ecumenical_swirl,
          mainiacjoe_overflow_surrounded_room, nzn_hepliaklqana_mist_gate,
          nicolae_ecumenical_snake_handling, gup_sewer_entry_pipe,
          grunt_ministairs_10, amcnicky_mini_corridor_feature,
          kennysheep_nondescript
D:4:      layout_basic, ashenzari_conservatory_becter,
          minmay_temple_entry_junction
D:5:      kennysheep_slugbush, layout_basic, nicolae_inconvenience_store
D:6:      layout_rooms, hangedman_abyss_or_decor_passed
D:7:      layout_loops_cross, fedhas_altar_2, grunt_decor_clamped,
          kennysheep_generic_room_7
D:8:      layout_loops_ring, mainiacjoe_overflow_chevrons,
          erik_lair_orcish_takeover, minmay_joined_circles, uniq_erica

Skill      XL: |  1  2  3  4  5  6  7  8  9 10 |
---------------+-------------------------------+-----
Transmutations | 2 3 4 5 6 |  6.9
Fighting       | 2 3 4 5 6 |  6.0
Stealth        | 1 2 3 4 5 |  5.5
Unarmed Combat | 3 4 5 |  5.9
Ice Magic      | 1 2 3 4 5 |  5.0
Spellcasting   | 3 4 5 |  5.6
Invocations    | 3 4 |  4.4
Dodging        | |  1.7

Action                   |  1- 3 |  4- 6 |  7- 9 | 10-12 || total
-------------------------+-------+-------+-------+-------++-------
Melee: Unarmed           |   105 |    74 |   183 |    32 ||   394
       Kick              |    18 |    22 |    63 |    13 ||   116
       Punch             |     3 |     3 |     8 |     1 ||    15
       Headbutt          |    13 |    14 |    51 |    15 ||    93
       Touch             |       |     6 |    34 |     8 ||    48
 Cast: Beastly Appendage |    35 |    26 |    35 |     7 ||   103
  Use: Potion            |     1 |     1 |       |     1 ||     3
       Scroll            |       |     5 |     4 |       ||     9
 Stab: Sleeping          |     2 |     1 |     8 |       ||    11
Armor: Robe              |    30 |     9 |    24 |     6 ||    69
Dodge: Dodged            |    57 |    42 |    83 |    17 ||   199

Table legend: (Time is in decaauts)
 A = Elapsed time spent in this place.
 B = Non-inter-level travel time spent in this place.
 C = Inter-level travel time spent in this place.
 D = Time resting spent in this place.
 E = Time spent auto-exploring this place.
 F = Levels seen in this place.
 G = Mean time per level.
                   A        B        C        D        E       F      G
               +--------+--------+--------+--------+--------+-----+--------+
         Total |  10609 |   9955 |    654 |   1440 |   7166 |   8 | 1326.1 |
       Dungeon |  10609 |   9955 |    654 |   1440 |   7166 |   8 | 1326.1 |
               +--------+--------+--------+--------+--------+-----+--------+

Top non-repeatable levels by time:
     D:4: 2139 daAuts
     D:7: 1572 daAuts
     D:1: 1519 daAuts
     D:5: 1407 daAuts
     D:2: 1167 daAuts
     D:3: 1050 daAuts
     D:8: 1039 daAuts
     D:6: 712 daAuts
